 Dungeon Crawl Stone Soup version 0.26.1-11-gd32895ea62 (webtiles) character file.

Game seed: 16083253160932192981

40371 raph the Executioner (level 14, 0/116 HPs)
             Began as a Hill Orc Fighter on May 4, 2021.
             Was the Champion of Beogh.
             Slain by an orc knight
             ... wielding a +3 long sword
              (22 damage)
             ... on level 2 of the Orcish Mines.
             The game lasted 00:35:48 (22937 turns).

raph the Executioner (Hill Orc Fighter)            Turns: 22937, Time: 00:35:49

Health: 0/116      AC: 24    Str: 20    XL:     14   Next: 10%
Magic:  20/20      EV:  9    Int: 18    God:    Beogh [******]
Gold:   1464       SH:  5    Dex: 14    Spells: 13/13 levels left

rFire    . . .     SeeInvis .   a - +2 executioner's axe (venom)
rCold    . . .     Faith    .   (shield currently unavailable)
rNeg     . . .     Spirit   .   m - +0 plate armour
rPois    +         Reflect  +   C - +2 helmet
rElec    .         Harm     .   u - scarf {repulsion}
rCorr    .         Rampage  .   (no gloves)
Will     +....                  j - +2 pair of boots
Stlth    ..........             d - amulet of the Saviour {Reflect *Drain rPois Int+4 SH+5}
HPRegen  0.29/turn              y - +4 ring of protection
MPRegen  0.17/turn              P - +6 ring of intelligence

@: marked, repel missiles
A: walk on water
a: Renounce Religion, Smiting, Recall Orcish Followers, Give Item to Named
Follower, Resurrection


You were on level 2 of the Orcish Mines.
You worshipped Beogh.
Beogh was exalted by your worship.
You visited 3 branches of the dungeon, and saw 19 of its levels.
You also visited: Bailey and Ice Cave.

You collected 1587 gold pieces.
You spent 123 gold pieces at shops.

Inventory:

Hand Weapons
 a - a +2 executioner's axe of venom (weapon)
 c - a +0 war axe
 D - a +0 war axe of freezing
Missiles
 f - 8 javelins
 h - 64 poisoned darts (quivered)
 B - 4 throwing nets
Armour
 j - a +2 pair of boots (worn)
 m - a +0 plate armour (worn)
 u - a scarf of repulsion (worn)
 C - a +2 helmet (worn)
 O - a +0 tower shield
Jewellery
 d - the amulet of the Saviour (around neck) {Reflect *Drain rPois Int+4 SH+5}
   (You found it on level 7 of the Dungeon)

   [amulet of reflection]

   It shields you and reflects attacks.
   It affects your intelligence (+4).
   It protects you from poison.
   It causes draining when unequipped.
   It affects your SH (+5).
 e - an uncursed ring of ice
 p - an uncursed ring of wizardry
 q - an uncursed ring of stealth
 y - a +4 ring of protection (left hand)
 G - an uncursed ring of ice
 P - a +6 ring of intelligence (right hand)
Wands
 i - a wand of iceblast (20)
 t - a wand of flame (10)
 w - a wand of acid (1)
 F - a wand of digging (5)
 H - a wand of disintegration (20)
Scrolls
 k - 4 scrolls of identify
 n - 7 scrolls of amnesia
 r - 9 scrolls of teleportation
 s - a scroll of fog
 v - a scroll of magic mapping
 M - 5 scrolls of remove curse
 N - a scroll of enchant armour
 Q - a scroll of fear
Potions
 g - 2 potions of invisibility
 o - a potion of lignification
 x - a potion of cancellation
 z - 2 potions of attraction
 A - 4 potions of flight
 E - 13 potions of curing
 I - 6 potions of magic
 J - 4 potions of heal wounds
 K - a potion of mutation
 L - 2 potions of might


   Skills:
 - Level 8.8 Fighting
 * Level 22.9 Axes
 - Level 8.1 Armour
 - Level 5.5 Dodging
 - Level 3.2 Shields
 - Level 8.7 Invocations
 - Level 1.3 Evocations


You had 13 spell levels left.
You didn't know any spells.
Your spell library contained the following spells:

 Spells                   Type           Power        Failure   Level
 Sandblast                Erth           0%           99%         1
 Passwall                 Tmut/Erth      0%           100%        2
 Confusing Touch          Hex            0%           100%        3
 Gell's Gravitas          Tloc           0%           100%        3
 Stone Arrow              Conj/Erth      0%           100%        3
 Petrify                  Tmut/Erth      0%           100%        4
 Borgnjor's Vile Clutch   Necr/Erth      0%           100%        5
 Lee's Rapid Deconstruct  Erth           0%           100%        5
 Metabolic Englaciation   Hex/Ice        0%           100%        5
 Yara's Violent Unravell  Hex/Tmut       0%           100%        5


Dungeon Overview and Level Annotations

Branches:
Dungeon (12/15)            Temple (0/1) D:7            Lair (5/6) D:10
 Shoals (0/4) Lair:3       Spider (0/4) Lair:2        Slime (0/5) Lair:5
    Orc (2/2) D:9             Elf (0/3) Orc:2        Bailey (visited)
  IceCv (visited)

Altars:
Ashenzari
Dithmenos
Elyvilon
Fedhas
Kikubaaqudgha
Nemelex Xobeh
Okawaru
Sif Muna
Uskayaw
Vehumet
Zin
Beogh

Shops:
D:4 }

Annotations:
D:8 Maurice
Lair:2 exclusion: oklob plant
Lair:4 exclusion: oklob plant
Orc:1 Jorgrun


Message History

It shouts, "I'll follow you!
Let me live!"
The soul eater disappears in a puff of smoke!
You hit the orc knight.
Your orc warrior no longer looks unusually strong.
Oreg no longer looks unusually strong.
Wargath no longer looks unusually strong.
An orc priest comes into view. It is wielding a +0 club.
Your orc high priest hits the orc with a +0 halberd!
The orc dies!
Beogh accepts your kill.
Your orc priest casts a cantrip, but nothing happens.
The orc warrior hits you from afar with a +0 trident!
* * * LOW HITPOINT WARNING * * *
Your orc warrior hits the orc knight with a +0 short sword.
You block the orc knight's attack.
The orc knight closely misses Wargath.
The orc knight hits your orc warrior with a +0 war axe!!
Your orc warrior dies!
The orc knight hits you with a +3 long sword!!
You die...
Beogh appreciates the orc knight's killing of a heretic priest. o......o# #........ o......o# ... .ooo.

... ........
oo.....o##....#o.)# ...#
.......
oo.....o##.....ooo.....#
......
oo.....o##....#ooo#..).#
...... oo.....o#
#.....).)...# ......
........# #...#o))#ยง..#
........# #..)ooooo.#
........# #..#o@o#..#
........#


#.ooooo.# ........#######ooo####### .o.oo...#...ooooooo.....#
ooo..oo.#....oooo.......# ..o..o.......ooo.....((.....
...o........................ .................................
................................. You could see 6 orc knights, 4 orc warriors,
an orc priest (strong), the friendly Boruk the orc knight (strong), the friendly
Oreg the orc knight, the friendly Wargath the orc knight, a friendly orc high
priest (strong, very poisoned), 8 friendly orc warriors, 3 friendly orc priests,
a friendly orc wizard (strong, invisible) and 11 friendly orcs.

Vanquished Creatures
  Fannar (Orc:1)
  4 hydras
  2 boulder beetles
  4 two-headed ogres
  A death yak (Lair:4)
  Pikel (D:7)
  An orc knight (Orc:2)
  A cyclops (Orc:2)
  A black mamba (Lair:4)
  A merfolk siren (Lair:3)
  9 elephants
  2 torpor snails
  Joseph (D:10)
  Maggie (D:7)
  3 cane toads
  A rime drake (Lair:3)
  6 komodo dragons
  A hornet (D:9)
  4 polar bears
  A troll (D:10)
  Prince Ribbit (D:8)
  7 blink frogs
  A dream sheep (Lair:3)
  10 spriggans (D:8)
  A shadow (D:11)
  4 wyverns
  A wraith (D:7)
  8 yaks
  A steam dragon (D:9)
  Grum (D:8)
  A soldier ant (D:7)
  7 water moccasins
  6 ice beasts
  6 orc warriors
  4 sky beasts
  4 black bears
  3 phantoms
  A necrophage (D:5)
  7 centaurs
  3 ogres
  9 wolves
  3 lemures (D:7)
  A big kobold (D:8)
  2 gnoll sergeants (D:10)
  10 bullfrogs
  A wyvern zombie (D:9)
  A scorpion (D:7)
  10 killer bees
  2 electric eels
  12 wights
  2 howler monkeys
  A centaur zombie (D:7)
  3 bullfrog zombies
  4 hounds
  13 jellies
  An orc priest (Orc:2)
  A bullfrog skeleton (D:4)
  10 orc wizards
  2 iguanas
  7 worker ants
  3 worker ant zombies
  16 gnolls
  18 adders
  2 shadow imps (D:8)
  3 white imps
  An ufetubus (D:2)
  An ooze (D:1)
  2 adder skeletons
  2 worms
  4 dart slugs
  6 leopard geckos
  19 orcs
  2 ball pythons
  4 giant cockroaches
  9 goblins
  13 hobgoblins
  10 jackals
  22 kobolds
  4 quokkas
  10 bats
  6 frilled lizards
  2 leopard gecko skeletons
  A quokka zombie (D:5)
  5 rats
383 creatures vanquished.

Vanquished Creatures (collateral kills)
  5 hydras
  A boulder beetle (Lair:2)
  An orc high priest (Orc:1)
  An orc knight (Orc:2)
  An ugly thing (D:11)
  8 elephants
  5 cane toads
  2 rime drakes (Lair:5)
  4 komodo dragons
  2 ice devils (Lair:4)
  3 polar bears
  2 dream sheep (Lair:3)
  6 blink frogs
  A spriggan (Lair:3)
  A wyvern (Lair:5)
  7 yaks
  2 basilisks (Lair:4)
  5 water moccasins
  3 orc warriors
  A black bear (Lair:5)
  An ice beast (Lair:4)
  4 wolves
  2 bullfrogs
  A scorpion (D:9)
  A killer bee (D:11)
  An electric eel (Lair:2)
  A wight (D:9)
  6 jellies (Lair:5)
  3 orc wizards
  3 orc priests
  4 gnolls
  11 orcs
  A plant (Lair:5)
100 creatures vanquished.

Vanquished Creatures (others)
  An orc knight (Lair:5)
  11 orc warriors
  A centaur (D:9)
  3 orc wizards
  7 orc priests
  An adder skeleton (D:4)
  36 orcs
  A kobold (D:8)
  28 fungi
  59 plants
  7 withered plants (D:8)
155 creatures vanquished.

Grand Total: 638 creatures vanquished

Notes
Turn   | Place    | Note
-------+----------+-------------------------------------------
     0 | D:1      | raph the Hill Orc Fighter began the quest for the Orb.
     0 | D:1      | Reached XP level 1. HP: 19/19 MP: 1/1
    89 | D:1      | Reached skill level 3 in Axes
   119 | D:1      | Reached XP level 2. HP: 26/26 MP: 2/2
   174 | D:1      | Reached skill level 4 in Axes
   692 | D:1      | Reached XP level 3. HP: 31/31 MP: 3/3
   931 | D:2      | Reached skill level 5 in Axes
  1387 | D:2      | Reached XP level 4. HP: 30/39 MP: 4/4
  1823 | D:2      | Reached skill level 6 in Axes
  2610 | D:3      | Reached XP level 5. HP: 42/45 MP: 5/5
  2930 | D:3      | Found an iron altar of Okawaru.
  2968 | D:4      | Reached skill level 7 in Axes
  2969 | D:4      | Became a worshipper of Beogh the Brigand
  3390 | D:4      | Reached skill level 8 in Axes
  3390 | D:4      | Reached XP level 6. HP: 50/51 MP: 6/6
  3446 | D:4      | Found a sparkling altar of Nemelex Xobeh.
  3535 | D:4      | Found Wucvasaxt's Gadget Boutique.
  3546 | D:4      | Bought a wand of flame (17) for 123 gold pieces
  3774 | D:5      | Entered Level 5 of the Dungeon
  3892 | D:5      | Reached skill level 9 in Axes
  3895 | D:5      | Reached XP level 7. HP: 22/57 MP: 7/7
  4248 | D:5      | Reached * piety under Beogh
  4287 | D:5      | Reached skill level 10 in Axes
  4779 | D:5      | Reached skill level 11 in Axes
  5167 | D:5      | Found a radiant altar of Vehumet.
  5344 | D:6      | Reached XP level 8. HP: 56/64 MP: 8/8
  5402 | D:6      | Reached skill level 12 in Axes
  5558 | D:6      | Found a broken altar of Ashenzari.
  5953 | D:6      | Reached skill level 13 in Axes
  6178 | D:6      | Found a shadowy altar of Dithmenos.
  6231 | D:6      | Noticed a +0 dagger
  6231 | D:6      | Noticed a +0 hand axe
  6234 | D:6      | Found a hide-covered altar of Uskayaw.
  6372 | D:6      | Reached ** piety under Beogh
  6406 | D:7      | Reached skill level 14 in Axes
  6406 | D:7      | Reached XP level 9. HP: 65/70 MP: 9/9
  6613 | D:7      | Found a transporter.
  6614 | D:7      | Found a transporter.
  6615 | D:7      | Found a shimmering blue altar of Sif Muna.
  7041 | D:7      | Found a white marble altar of Elyvilon.
  7075 | D:7      | Noticed Maggie
  7086 | D:7      | Killed Maggie
  7087 | D:7      | Reached skill level 15 in Axes
  7229 | D:7      | Found a staircase to the Ecumenical Temple.
  7778 | D:7      | Reached skill level 16 in Axes
  7895 | D:7      | Got an ancient platinum amulet
  7901 | D:7      | Identified the amulet of the Saviour {Reflect *Drain rPois
                  | Int+4 SH+5} (You found it on level 7 of the Dungeon)
  7963 | D:7      | Reached skill level 1 in Invocations
  8181 | D:7      | Noticed Pikel
  8211 | D:7      | Killed Pikel
  8212 | D:7      | Reached skill level 1 in Dodging
  8212 | D:7      | Reached XP level 10. HP: 50/80 MP: 9/11
  8547 | D:8      | Reached skill level 5 in Fighting
  8723 | D:8      | Reached skill level 5 in Armour
  9121 | D:8      | Reached skill level 5 in Invocations
  9265 | D:8      | Noticed Grum
  9283 | D:8      | Killed Grum
  9513 | D:8      | Noticed Prince Ribbit
  9519 | D:8      | Reached *** piety under Beogh
  9550 | D:8      | Killed Prince Ribbit
  9652 | D:8      | Noticed a two-headed ogre
  9661 | D:8      | Killed a two-headed ogre
  9662 | D:8      | Reached skill level 1 in Evocations
  9662 | D:8      | Reached XP level 11. HP: 92/92 MP: 11/15
  9737 | D:8      | Found an ancient bone altar of Kikubaaqudgha.
  9760 | D:8      | Noticed Maurice
  9760 | D:8      | Paralysed by Maurice for 3 turns
  9771 | D:8      | Paralysed by Maurice for 7 turns
  9965 | D:8      | Noticed a two-headed ogre
  9971 | D:8      | Killed a two-headed ogre
 10343 | D:9      | Gained Bogwik as an ally
 10489 | D:9      | Found a blossoming altar of Fedhas.
 10494 | D:9      | Found a glowing silver altar of Zin.
 10518 | D:9      | Your ally Bogwik died
 11125 | D:9      | Found a staircase to the Orcish Mines.
 11129 | D:9      | Found a roughly hewn altar of Beogh.
 11388 | D:10     | Entered Level 10 of the Dungeon
 11388 | D:10     | Noticed Joseph
 11397 | D:10     | Killed Joseph
 11453 | D:10     | Found a portal to a secret trove of treasure.
 11589 | D:10     | Found a staircase to the Lair.
 11931 | D:10     | Found a flagged portal.
 11934 | D:10     | Reached **** piety under Beogh
 11941 | Bailey   | Entered a bailey
 12104 | Bailey   | Noticed an orc knight
 12583 | Bailey   | Gained Boruk as an ally
 12806 | D:10     | Identified a scroll of acquirement
 12806 | D:10     | Acquired a +5 battleaxe of freezing
 12834 | D:10     | Reached skill level 5 in Dodging
 13004 | D:11     | Noticed a two-headed ogre
 13009 | D:11     | Killed a two-headed ogre
 13092 | D:11     | Reached ***** piety under Beogh
 13271 | D:11     | Noticed a purple ugly thing
 13278 | D:11     | Killed a purple ugly thing
 13600 | Lair:1   | Entered Level 1 of the Lair of Beasts
 13694 | Lair:1   | Reached XP level 12. HP: 103/103 MP: 18/18
 14300 | Lair:1   | Acquired a +1 executioner's axe of venom
 15085 | Lair:2   | Noticed a four-headed hydra
 15095 | Lair:2   | Killed a four-headed hydra
 15096 | Lair:2   | Reached skill level 17 in Axes
 15151 | Lair:2   | Noticed a boulder beetle
 15162 | Lair:2   | Killed a boulder beetle
 15673 | Lair:2   | Reached skill level 18 in Axes
 15896 | Lair:2   | Identified the Guide on the Mountains
 16040 | Lair:2   | Noticed an eight-headed hydra
 16049 | Lair:2   | Killed an eight-headed hydra
 16095 | Lair:2   | Found a hole to the Spider Nest.
 16784 | Lair:3   | Reached skill level 19 in Axes
 17120 | Lair:3   | Gained Wargath as an ally
 17276 | Lair:3   | Noticed a five-headed hydra
 17283 | Lair:3   | Killed a five-headed hydra
 17462 | Lair:3   | Reached XP level 13. HP: 96/110 MP: 19/19
 17499 | Lair:3   | Reached skill level 20 in Axes
 17901 | Lair:3   | Found a staircase to the Shoals.
 19066 | Lair:4   | Found a frozen archway.
 19159 | IceCv    | Entered an ice cave
 19972 | Lair:5   | Reached skill level 21 in Axes
 20091 | Lair:5   | Found a staircase to the Slime Pits.
 20096 | Lair:5   | Reached ****** piety under Beogh
 20614 | Lair:5   | Reached skill level 22 in Axes
 20835 | Lair:5   | Gained Oreg as an ally
 21638 | Orc:1    | Entered Level 1 of the Orcish Mines
 21652 | Orc:1    | Found a roughly hewn altar of Beogh.
 21665 | Orc:1    | Noticed Fannar
 21665 | Orc:1    | Noticed Jorgrun
 21676 | Orc:1    | Reached XP level 14. HP: 27/116 MP: 20/20
 21683 | Orc:1    | Killed Fannar
 22406 | Orc:2    | Entered Level 2 of the Orcish Mines
 22827 | Orc:2    | Found a staircase to the Elven Halls.
 22937 | Orc:2    | Slain by an orc knight

Illustrated notes

Levels and vault maps discovered:
D:1:      sevenhm_arrival_forest_fort_large_2, layout_basic
D:2:      layout_basic
D:3:      layout_rooms, okawaru_ov_weapons_minmay
D:4:      layout_loops_ring, serial_shops, shop, nemelex_lonely_heart_becter
D:5:      layout_basic, lemuel_coloured_pillars_altar, feat_on_display
D:6:      layout_basic, lemuel_crystal_altar, dancing_weapons_uskayaw,
          nicolae_dithmenos_through_a_glass_darkly
D:7:      layout_loops_ring, gammafunk_temple_overflow_arena, elyvilon_altar_5,
          minmay_temple_entry_arrows, serial_rivers,
          chequers_serial_rivers_room_b, chequers_serial_rivers_micro_e,
          chequers_serial_rivers_room_b, chequers_serial_rivers_room_b,
          chequers_serial_rivers_room_b, kennysheep_minor_cross,
          wad_floor_pattern_untrapped, uniq_pikel, uniq_maggie
D:8:      kb_forest_paths, layout_basic, kiku_gazebo_garden_becter, uniq_grum,
          uniq_maurice, uniq_prince_ribbit1
D:9:      layout_cave_pools, grunt_temple_overflow_open,
          minmay_orc_entry_temple_small
D:10:     layout_roguey, lair_entry_dummy, nicolae_trove_entry_crossroad,
          enter_bailey_7, uniq_joseph
D:11:     layout_rooms
D:12:     kennysheep_demon_hangout, layout_basic, uniq_nessos, uniq_sonja
Lair:1:   layout_hall_layers, serial_bayou_pond_c
Lair:2:   layout_cave_pods, spider_nest_entry_web_field,
          gammafunk_lair_bear_cave, grunt_megastairs_2,
          minmay_lair_oklob_chamber
Lair:3:   layout_cave_pods, elwin_shoals_entry_rooms,
          grunt_forest_large_clearing_hut, serial_bayou_shore_a
Lair:4:   layout_roguey, portal_ice_cave_demonic_guard, minmay_lair_oklob_items,
          minivault_19, lemuel_fruit_tree
Lair:5:   layout_loops_ring, minmay_slime_entry_jelly_boxes,
          hangedman_lair_generics_rect, grunt_megastairs_1,
          infiniplex_staircase_pool_2
Orc:1:    layout_caves, nicolae_orc_lost_temple, uniq_fannar, uniq_jorgrun
Orc:2:    st_orc_pillars, layout_caves

Skill      XL: |  1  2  3  4  5  6  7  8  9 10 11 12 13 |
---------------+----------------------------------------+-----
Axes           | 3 4 5 6 8 9 11 14 16 19 22 | 22.9
Invocations    | 2 6 8 |  8.7
Fighting       | 4 7 8 |  8.8
Armour         | 4 6 8 |  8.1
Dodging        | 1 3 5 |  5.5
Evocations     | 1 |  1.3
Shields        | |  3.2

Action                   |  1- 3 |  4- 6 |  7- 9 | 10-12 | 13-15 || total
-------------------------+-------+-------+-------+-------+-------++-------
Melee: War axe           |    80 |   160 |   323 |   577 |       ||  1140
       Battleaxe         |       |       |       |    90 |       ||    90
       Executioner's axe |       |       |       |    71 |   209 ||   280
       Whip              |       |       |       |    12 |       ||    12
Throw: Javelin           |       |       |       |     4 |       ||     4
       Dart              |       |       |       |     1 |       ||     1
Invok: Convert to Beogh  |       |     1 |       |       |       ||     1
       Smiting           |       |       |       |     4 |       ||     4
       Recall Orcish Fol |       |       |       |     1 |     4 ||     5
       Stop Recall       |       |       |       |     1 |     2 ||     3
       Give Item to Name |       |       |       |     2 |     1 ||     3
Evoke: Wand              |       |       |     5 |    14 |       ||    19
  Use: Scroll            |       |    11 |     6 |    10 |     6 ||    33
       Potion            |       |     1 |     4 |     1 |     3 ||     9
 Stab: Distracted        |       |       |       |     3 |     6 ||     9
Armor: Scale mail        |    40 |    80 |   132 |     3 |       ||   255
       Plate armour      |       |       |       |   334 |   130 ||   464
Dodge: Dodged            |    22 |    56 |    60 |   157 |    91 ||   386
       Repelled          |       |       |       |     2 |       ||     2
Block: Kite shield       |    37 |    94 |   135 |   350 |       ||   616
       Reflection        |       |       |       |    30 |     2 ||    32
       Other             |       |       |       |    39 |    39 ||    78
